 Dungeon Crawl Stone Soup version 0.31-a0-188-g5e087ee2ca (webtiles) character file.

Game seed: 11668894076670137432

93 qw the Shooter (level 4, 0/25 HPs)
             Began as a Deep Elf Hunter on June 23, 2023.
             Killed by divine providence
             ... invoked by an orc priest
              (11 damage)
             ... on level 3 of the Dungeon.
             The game lasted 00:00:39 (2010 turns).

qw the Shooter (Deep Elf Hunter)                    Turns: 2010, Time: 00:00:40

Health: 0/25       AC:  4    Str: 10    XL:     4   Next: 36%
Magic:  6/6        EV: 17    Int: 14    God:
Gold:   97         SH:  0    Dex: 18    Spells: 3/3 levels left

rFire   . . .        Y - +0 shortbow
rCold   . . .        (shield currently unavailable)
rNeg    . . .        c - +0 leather armour
rPois   .            (no helmet)
rElec   .            (no cloak)
rCorr   .            (no gloves)
SInv    .            l - +0 pair of boots
Will    .....        m - amulet of faith
Stlth   ++           i - +5 ring of evasion
HPRegen 0.24/turn    (no ring)
MPRegen 0.10/turn

%: faith
@: no status effects
A: no striking features
a: no special abilities


You were on level 3 of the Dungeon.
You visited 1 branch of the dungeon, and saw 3 of its levels.

You collected 97 gold pieces.


   Skills:
 - Level 1.5 Fighting
 + Level 7.8 Ranged Weapons
 - Level 2.4 Dodging
 - Level 1.2 Stealth


You had 3 spell levels left.
You didn't know any spells.
Your spell library was empty.

Inventory:

Hand Weapons
 Y - a +0 shortbow (weapon)
Armour
 c - a +0 leather armour (worn)
 l - a +0 pair of boots (worn)
Jewellery
 b - a ring of flight
 i - a +5 ring of evasion (left hand)
 m - an amulet of faith (around neck)
 p - a ring of wizardry
Scrolls
 e - a scroll of revelation {unknown}
 o - 3 scrolls of teleportation {unknown}
Potions
 a - a potion of degeneration {unknown}
 d - a potion of curing
 f - a potion of mutation {unknown}
 g - a potion of might {unknown}
 h - a potion of berserk rage {unknown}
 j - a potion of enlightenment {unknown}
 k - a potion of cancellation {unknown}
 n - a potion of lignification {unknown}

Dungeon Overview and Level Annotations

Branches:
Dungeon (3/15)

Altars:
Elyvilon
Vehumet


Message History

Enter note:
Enter note:
Enter note:
Enter note:
Enter note:
Enter note: You shoot an arrow.
The orc shouts!
The arrow hits the orc.
The orc is lightly wounded.
You shoot an arrow. The arrow barely misses the orc.
An orc comes into view. It is wielding a +0 flail.
You shoot an arrow. The orc shouts!
The arrow hits the orc.
The orc is heavily wounded.
You hear a shout! x2
You shoot an arrow. The arrow barely misses the orc.
The arrow hits the orc!
You kill the orc!
You shoot an arrow. The arrow hits the orc.
The orc is almost dead.
An orc comes into view. It is wielding a +0 flail.
You shoot an arrow. The arrow hits the orc.
You kill the orc!
You shoot an arrow. The arrow hits the orc.
The orc is lightly wounded.
An orc priest comes into view. It is wielding a +0 club.
An orc comes into view. It is wielding a +0 flail.
You shoot an arrow. The arrow hits the orc.
The orc is severely wounded.
You shoot an arrow. The arrow hits the orc.
You kill the orc!
The orc priest invokes the aid of Beogh against you.
Beogh smites you!
Ouch! That really hurt!
You shoot an arrow. The arrow hits the orc priest.
The orc priest is moderately wounded.
The orc priest calls down the wrath of Beogh upon you.
Beogh smites you!
You die...

#...##...#
#...#8...##
#>..######. #
#.......... #.
######.........# ..
##..............# #.
##......%..##....#
#..#..........##.####
#..@.>.......##.###.
###)........##....>.
#)........#...<...
#.........#)...###
#o(.........####
###o......<.#.#
#...........#.#
..............#
#............##


You could see an orc priest and an orc.

Vanquished Creatures
  4 adders (D:2)
  2 worms (D:2)
  A dart slug (D:2)
  3 orcs (D:3)
  2 ball pythons
  2 endoplasms
  4 goblins
  3 hobgoblins
  4 jackals (D:2)
  9 kobolds
  A quokka (D:3)
  2 bats
  4 frilled lizards
  4 rats
45 creatures vanquished.

Notes
Turn   | Place    | Note
-------+----------+-------------------------------------------
     0 | D:1      | qw the Deep Elf Hunter began the quest for the Orb.
     0 | D:1      | Reached XP level 1. HP: 12/12 MP: 3/3
     0 | D:1      | 0 ||| qw: Version: 0.3-a-9-g12657ce
     0 | D:1      | 0 ||| qw: Game counter: 4226
     0 | D:1      | 0 ||| qw: Always use a shield: true
     0 | D:1      | 0 ||| qw: God list: Okawaru
     0 | D:1      | 0 ||| qw: Allow faded altars: false
     0 | D:1      | 0 ||| qw: Do Orc after D:15 true
     0 | D:1      | 0 ||| qw: Do second Lair branch before Depths: true
     0 | D:1      | 0 ||| qw: Lair rune preference: random
     0 | D:1      | 0 ||| qw: Plans: Normal
     0 | D:1      | 0 ||| PLANNING D:1-11
   298 | D:1      | Reached skill level 6 in Ranged Weapons
   298 | D:1      | Reached XP level 2. HP: 15/16 MP: 4/4
   765 | D:1      | 765 ||| READING 2 scrolls labelled MOER GYL PUCEC.
   766 | D:1      | 766 ||| DRINKING 3 fizzy ruby potions.
   767 | D:1      | 767 ||| DROPPING scroll of amnesia.
   768 | D:1      | 768 ||| DROPPING scroll of butterflies.
   877 | D:2      | Reached XP level 3. HP: 19/20 MP: 5/5
   920 | D:2      | Reached skill level 7 in Ranged Weapons
  1255 | D:2      | Reached XP level 4. HP: 25/25 MP: 6/6
  1510 | D:2      | HP: 6/25 [poisoned by an adder]
  1512 | D:2      | 1512 ||| DRINKING 2 potions of curing.
  1512 | D:2      | 1512 ||| (to cure poison)
  1654 | D:2      | 1654 ||| UPGRADING to +0 pair of boots.
  1659 | D:2      | 1659 ||| UPGRADING to amulet of faith.
  1664 | D:2      | 1664 ||| UPGRADING to +5 ring of evasion.
  1665 | D:2      | 1665 ||| READING scroll labelled NOV SEQOANGU.
  1666 | D:2      | 1666 ||| READING scroll labelled HOABOE BALUUGA.
  1767 | D:2      | 1767 ||| DRINKING 2 fuming brown potions.
  1768 | D:2      | 1768 ||| DROPPING potion of magic.
  1878 | D:3      | Found a radiant altar of Vehumet.
  1981 | D:3      | Found a white marble altar of Elyvilon.
  2010 | D:3      | Killed from afar by an orc priest

Levels and vault maps discovered:
D:1:      erik_arrival_triangle_small, layout_loops_corners
D:2:      layout_basic
D:3:      layout_rooms, mainiacjoe_overflow_brackets,
          mainiacjoe_overflow_alcove_2, gammafunk_temple_overflow_elements

Skill      XL: |  1  2  3 |
---------------+----------+-----
Ranged Weapons | 6 7 |  7.8
Fighting       | |  1.5
Dodging        | |  2.4
Stealth        | |  1.2

Action                     |  1- 3 |  4- 6 || total
---------------------------+-------+-------++-------
   Fire: Shortbow          |   109 |    38 ||   147
    Use: Scroll            |     1 |     2 ||     3
         Potion            |     1 |     2 ||     3
 Armour: Leather armour    |     4 |     4 ||     8
  Dodge: Dodged            |    20 |    12 ||    32

Table legend:
 A = Non-vault XP
 B = Vault XP
 C = Vault XP percentage of total XP
 D = Non-vault monster count
 E = Vault monster count
 F = Vault count percentage of total count
                 A         B        C        D         E       F
            +---------+---------+-------+---------+---------+-------
      Total |     133 |       0 |   0.0 |      45 |       0 |   0.0
            +---------+---------+-------+---------+---------+-------
        D:1 |      17 |       0 |   0.0 |      13 |       0 |   0.0
        D:2 |      94 |       0 |   0.0 |      21 |       0 |   0.0
        D:3 |      22 |       0 |   0.0 |      11 |       0 |   0.0
            +---------+---------+-------+---------+---------+-------
